 Dungeon Crawl Stone Soup version 0.25-a0-10-g2fe12d4386 (webtiles) character file.

Game seed: 12365842597543057438, levelgen mode: deterministic

30388 MordorOrchid the Thaumaturge (level 13, 0/91 HPs)
             Began as a Mummy Fire Elementalist on Oct 15, 2019.
             Was a Priest of Ashenzari.
             Slain by a salamander
             ... wielding a +0 trident
              (5 damage)
             ... in a volcano.
             The game lasted 01:30:07 (21829 turns).

MordorOrchid the Thaumaturge (MuFE)                Turns: 21829, Time: 01:30:08

Health: 0/91       AC:  8    Str: 16    XL:     13   Next: 20%
Magic:  9/36       EV: 15    Int: 20    God:    Ashenzari [***...]
Gold:   37         SH:  0    Dex: 12    Spells: 2/32 levels left

rFire    + . .     SeeInvis +   I - +4 rapier "Zankat" {freeze, MP+9 Str+3}
rCold    + . .     Gourm    .   (no shield)
rNeg     + + +     Faith    .   u - +1 robe {Archmagi}
rPois    ∞         Spirit   .   (no helmet)
rElec    +         Reflect  .   e - +2 cloak "Zaonon" {rF+ Str+2}
rCorr    .         Harm     .   N - +0 pair of gloves
MR       ++...                  O - +0 pair of boots of the Old World {rElec rF+ Slay+2}
Stlth    ++........             (no amulet)
HPRegen  0.25/turn              w - ring of protection from magic
MPRegen  0.25/turn              B - ring of see invisible

@: very slightly contaminated
A: no food or potions, fire vulnerability, cold resistance 1, negative energy
resistance 3, torment resistance, unbreathing, in touch with death 1
a: Curse Item, Scrying, Renounce Religion


You were in a volcano.
You worshipped Ashenzari.
Ashenzari was most pleased with you.
You were not hungry.

You visited 3 branches of the dungeon, and saw 16 of its levels.
You also visited: Volcano.

You collected 1835 gold pieces.
You spent 1798 gold pieces at shops.

Inventory:

Hand Weapons
 p - a +2 spear of venom
 s - a +4 quarterstaff of chaos
 y - the +9 short sword of Vag Jac {pain, rF+}
   (You found it on level 8 of the Dungeon)

   In the hands of one skilled in necromantic magic, it inflicts extra damage on
   living creatures.
   It protects you from fire.
 z - a +1 shortbow of flaming
 I - the +4 rapier "Zankat" (weapon) {freeze, MP+9 Str+3}
   (You found it on level 8 of the Dungeon)

   It has been specially enchanted to freeze those struck by it, causing extra
   injury to most foes and up to half again as much damage against particularly
   susceptible opponents.
   It can also slow down cold-blooded creatures.
   It affects your strength (+3).
   It affects your magic capacity (+9).
 J - the +7 mace of Variability {chain chaos}
   (You found it on level 10 of the Dungeon)

   Each time it hits an enemy it has a different, random effect.
 K - a +0 hunting sling of freezing
Missiles
 c - 413 stones
 i - 124 bolts
 k - 27 sling bullets
 o - 303 arrows
 q - 24 poisoned darts (quivered)
 t - 35 boomerangs
 G - 2 throwing nets
Armour
 e - the +2 cloak "Zaonon" (worn) {rF+ Str+2}
   (You found it on level 6 of the Dungeon)

   It affects your strength (+2).
   It protects you from fire.
 g - a +1 cloak of magic resistance
 u - a +1 robe of the Archmagi (worn)
 v - a +0 leather armour of magic resistance
 N - a +0 pair of gloves (worn)
 O - the +0 pair of boots of the Old World (worn) {rElec rF+ Slay+2}
   (You found it on level 12 of the Dungeon)

   It affects your accuracy and damage with ranged weapons and melee attacks
   (+2).
   It protects you from fire.
   It insulates you from electricity.
Jewellery
 a - an uncursed ring of resist corrosion
 w - a ring of protection from magic (left hand)
 B - a ring of see invisible (right hand)
Wands
 n - a wand of digging (4)
 r - a wand of disintegration (8)
 D - a wand of paralysis (8)
 H - a wand of iceblast (11)
 M - a wand of polymorph (5)
Scrolls
 b - 5 scrolls of remove curse
 d - a scroll of amnesia
 f - 4 scrolls of magic mapping
 h - 4 scrolls of blinking
 j - 7 scrolls of teleportation
 l - a scroll of immolation
 m - a scroll of noise
 x - a scroll of fog
 C - 8 scrolls of identify
 E - 6 scrolls of fear
 L - 2 scrolls of torment


   Skills:
 - Level 5.0 Fighting
 - Level 2.0 Short Blades
 - Level 7.0 Dodging
 - Level 1.5 Stealth
 - Level 10.4 Spellcasting
 - Level 9.0 Conjurations
 - Level 2.0 Hexes
 * Level 3.5 Summonings
 - Level 5.0 Necromancy
 - Level 10.0 Fire Magic
 * Level 3.5 Air Magic
 - Level 5.0 Evocations


You had 2 spell levels left.
You knew the following spells:

 Your Spells              Type           Power        Failure   Level  Hunger
a - Flame Tongue          Conj/Fire      #####        1%          1    N/A
b - Throw Flame           Conj/Fire      ######       1%          2    N/A
c - Conjure Flame         Conj/Fire      ######..     1%          3    N/A
d - Inner Flame           Hex/Fire       ######..     1%          3    N/A
e - Sticky Flame          Conj/Fire      ######..     1%          4    N/A
f - Fireball              Conj/Fire      ######....   3%          5    N/A
i - Force Lance           Conj/Tloc      #####...     11%         4    N/A
j - Summon Lightning Spi  Summ/Air       #####...     16%         4    N/A
u - Animate Skeleton      Necr           N/A          1%          1    N/A
v - Vampiric Draining     Necr           ######....   2%          3    N/A

Your spell library contained the following spells:

 Spells                   Type           Power        Failure   Level  Hunger
 Magic Dart               Conj           ####         1%          1    N/A
 Pain                     Necr           ####         1%          1    N/A
 Searing Ray              Conj           ######       1%          2    N/A
 Dazzling Spray           Conj/Hex       #####.       1%          3    N/A
 Iskenderun's Mystic Bla  Conj           ######..     1%          4    N/A
 Call Canine Familiar     Summ           #####...     4%          3    N/A
 Fulminant Prism          Conj/Hex       #####.....   7%          4    N/A
 Animate Dead             Necr           N/A          9%          4    N/A
 Spellforged Servitor     Conj/Summ      ######....   99%         7    N/A
 Regeneration             Chrm/Necr      Unusable     N/A         3    N/A

Dungeon Overview and Level Annotations

Branches:
Dungeon (12/15)            Temple (0/1) D:6            Lair (2/6) D:10
  Swamp (0/4) Lair:2          Orc (2/2) D:12            Elf (0/3) Orc:2
Volcano (1/1)
  Snake: Lair:2-4    Spider: Lair:2-4

Altars:
Ashenzari
Cheibriados
Elyvilon
Fedhas
Kikubaaqudgha
Makhleb
Nemelex Xobeh
Okawaru
Qazlal
Sif Muna
Trog
Wu Jian
Xom
Zin
The Shining One
Beogh

Shops:
D:12 =*?:   Orc:1 *   Orc:2 ?*


Innate Abilities, Weirdness & Mutations

You do not eat or drink.
Your flesh is vulnerable to fire.
You are immune to poison.
Your flesh is cold resistant. (rC+)
You are immune to negative energy. (rN+++)
You are immune to unholy pain and torment.
You can survive without breathing.
You are in touch with the powers of death.


Message History

The salamander closely misses you.
Evoke which item? (* to show all) (? for menu, Esc to quit)
Aiming: Iceblast
Press: ? - help, Shift-Dir - straight line, f/p - salamander
Aim: a salamander, wielding a +3 spear (almost dead)
The mass of ice explodes!
The iceblast engulfs the salamander!!
The salamander is frozen!
You kill the salamander! 2 salamanders come into view.
Found an uncursed rapier of flaming, 20 gold pieces and an emerald potion.
Things that are here:
a +3 spear; a salamander corpse Your lightning spire disappears in a puff of smoke!
A salamander comes into view. It is wielding a +0 trident.
As you open the large door, it creaks loudly!
There is a large open door, spattered with blood here.
The salamander hits you from afar with a +0 trident!
* * * LOW HITPOINT WARNING * * *
You are engulfed in flames.
You resist.
You die...

'.[.!.'..#≈≈§##
'.._..'..##≈§§#*
* * ,
#....N#...#≈≈≈§ ≈
, #######)..#≈≈§§
* +)!.!)'N..#§≈≈§
* #..≈..#)..#§§§≈
≈ *
..#8≈≈≈8#N.(#§§≈≈
*..'..≈..'..## ≈
*..'....@').# ≈≈
≈##.#8.).8#.##≈
≈≈###.....###≈≈≈
* *
≈≈≈§§.....≈≈≈≈≈≈
*
*#≈≈§§8...8§≈§≈≈≈
###§§.....≈≈≈≈≈#*
#≈≈.....§§§###
##§8...8§§≈#
##.....####


You could see 2 salamanders.

Vanquished Creatures
  4 two-headed ogres
  2 tengu warriors (D:12)
  2 orc high priests (Orc:1)
  A soul eater (Orc:2)
  An unseen horror (D:10)
  3 orc knights
  A harpy (D:12)
  An orc sorcerer (Orc:1)
  A salamander (Volcano)
  4 cyclopes
  2 ugly things (D:11)
  Maurice (D:8)
  A spiny frog (Lair:1)
  An orange demon (Orc:2)
  4 trolls
  A queen bee (D:12)
  A hornet (D:8)
  7 hippogriffs
  A wraith (D:12)
  Eustachio (D:6)
  A hog (D:12)
  A water elemental (D:12)
  A basilisk (Lair:2)
  A wyvern (D:9)
  10 yaks
  A fire elemental (D:12)
  2 chaos spawn (D:10)
  2 hungry ghosts (D:10)
  4 wargs
  2 water moccasins
  2 ice beasts
  6 porcupines
  21 orc warriors
  5 phantoms
  6 sky beasts
  3 black bears
  6 ogres
  10 centaurs
  4 crocodiles
  7 bullfrogs
  A wyvern zombie (D:12)
  A water moccasin zombie (D:7)
  6 scorpions
  35 killer bees
  5 wights (D:12)
  An electric eel (D:8)
  4 howler monkeys
  2 crimson imps
  A bullfrog zombie (D:4)
  2 centaur zombies
  20 orc priests
  16 orc wizards
  6 hounds
  2 quasits
  A bullfrog skeleton (D:12)
  3 iguanas
  Crazy Yiuf (D:3)
  5 worker ants
  2 worker ant zombies
  8 adders
  4 gnolls
  A howler monkey skeleton (D:4)
  3 shadow imps
  2 oozes
  An adder zombie (D:6)
  4 worms
  A dart slug (D:5)
  6 leopard geckos
  55 orcs
  5 bats
  2 bat zombies (D:4)
  8 giant cockroaches
  11 hobgoblins
  14 jackals
  8 kobolds
  8 quokkas
  A ball python (D:3)
  4 frilled lizards
  6 goblins
  2 quokka skeletons
  6 rats
409 creatures vanquished.

Vanquished Creatures (collateral kills)
  A hell knight (Volcano)
  A salamander mystic (Volcano)
  2 salamanders (Volcano)
  A black mamba (Lair:1)
  A hippogriff (Lair:1)
  A yak (Lair:1)
  2 crocodiles (Lair:1)
  2 bullfrogs (Lair:1)
11 creatures vanquished.

Vanquished Creatures (others)
  30 fungi
  A plant (Lair:1)
31 creatures vanquished.

Grand Total: 451 creatures vanquished

Notes
Turn   | Place    | Note
-------+----------+-------------------------------------------
     0 | D:1      | MordorOrchid the Mummy Fire Elementalist began the quest
                  | for the Orb.
     0 | D:1      | Reached XP level 1. HP: 13/13 MP: 4/4
   550 | D:1      | Reached XP level 2. HP: 20/20 MP: 3/5
   554 | D:1      | Learned a level 2 spell: Throw Flame
   708 | D:1      | Reached skill level 1 in Conjurations
  1493 | D:2      | Reached XP level 3. HP: 25/25 MP: 1/7
  1498 | D:2      | Learned a level 3 spell: Conjure Flame
  1802 | D:2      | Reached skill level 1 in Fighting
  2098 | D:2      | Reached XP level 4. HP: 9/32 MP: 0/9
  2926 | D:2      | Learned a level 3 spell: Inner Flame
  3541 | D:3      | Found a runed translucent door.
  3598 | D:3      | Noticed Crazy Yiuf
  3606 | D:3      | Killed Crazy Yiuf
  3606 | D:3      | Reached XP level 5. HP: 38/38 MP: 2/10
  4276 | D:4      | Noticed an orc warrior
  4586 | D:4      | Found a burning altar of Makhleb.
  4587 | D:4      | Noticed an Executioner
  4726 | D:4      | Reached XP level 6. HP: 37/44 MP: 8/12
  4760 | D:4      | Learned a level 4 spell: Sticky Flame
  4916 | D:4      | Found a stormy altar of Qazlal.
  5127 | D:4      | Killed an orc warrior
  5127 | D:4      | Reached skill level 1 in Hexes
  5262 | D:4      | Found a shattered altar of Ashenzari.
  5327 | D:4      | Found an ancient bone altar of Kikubaaqudgha.
  5397 | D:4      | Reached XP level 7. HP: 31/51 MP: 7/13
  5694 | D:4      | Found an iron altar of Okawaru.
  5695 | D:4      | Found a bloodstained altar of Trog.
  5951 | D:4      | Became a worshipper of Ashenzari the Shackled
  5975 | D:5      | Entered Level 5 of the Dungeon
  6405 | D:5      | Found a blossoming altar of Fedhas.
  6431 | D:5      | Found a sparkling altar of Nemelex Xobeh.
  6436 | D:5      | Found a glowing silver altar of Zin.
  6664 | D:5      | Reached skill level 5 in Spellcasting
  6938 | D:6      | Noticed Eustachio
  7020 | D:6      | Killed Eustachio
  7148 | D:6      | Reached XP level 8. HP: 49/57 MP: 7/15
  7332 | D:6      | Found a shimmering blue altar of Sif Muna.
  7343 | D:6      | Got the uncursed cloak "Zaonon" {rF+ Str+2}
  7598 | D:6      | Reached skill level 5 in Fire Magic
  8173 | D:6      | Found a glowing golden altar of the Shining One.
  8278 | D:6      | Reached * piety under Ashenzari
  8474 | D:6      | Found a staircase to the Ecumenical Temple.
  8563 | D:6      | Reached skill level 5 in Conjurations
  8563 | D:6      | Reached XP level 9. HP: 65/65 MP: 8/18
  8570 | D:6      | Learned a level 5 spell: Fireball
  8672 | D:7      | Found a white marble altar of Elyvilon.
 10133 | D:8      | Got the short sword of Vag Jac {pain, rF+}
 10134 | D:8      | Identified the +9 short sword of Vag Jac {pain, rF+} (You
                  | found it on level 8 of the Dungeon)
 10609 | D:8      | Noticed Maurice
 10648 | D:8      | Killed Maurice
 10648 | D:8      | Reached skill level 1 in Evocations
 10648 | D:8      | Reached XP level 10. HP: 45/73 MP: 0/21
 10933 | D:8      | Reached skill level 1 in Short Blades
 11037 | D:8      | Reached skill level 5 in Fighting
 11609 | D:8      | Got the rapier "Zankat" {freeze, MP+9 Str+3}
 11610 | D:8      | Identified the +4 rapier "Zankat" {freeze, MP+9 Str+3} (You
                  | found it on level 8 of the Dungeon)
 11693 | D:9      | Learned a level 1 spell: Animate Skeleton
 11796 | D:9      | Noticed a two-headed ogre
 11846 | D:9      | Killed a two-headed ogre
 11887 | D:9      | Reached skill level 1 in Necromancy
 11946 | D:9      | Found an ornate altar of the Wu Jian Council.
 12396 | D:9      | Noticed a two-headed ogre
 12418 | D:9      | Killed a two-headed ogre
 12418 | D:9      | Reached skill level 5 in Dodging
 12761 | D:9      | Learned a level 3 spell: Vampiric Draining
 12770 | D:10     | Entered Level 10 of the Dungeon
 12939 | D:10     | Found a shimmering altar of Xom.
 12941 | D:10     | Found the +7 mace of Variability {chain chaos}
 13091 | D:10     | Reached XP level 11. HP: 77/79 MP: 15/23
 13510 | D:10     | Found a staircase to the Lair.
 13887 | D:10     | Noticed an unseen horror
 13892 | D:10     | Killed an unseen horror
 14175 | D:10     | Noticed a two-headed ogre
 14198 | D:10     | Killed a two-headed ogre
 14591 | D:11     | Noticed a two-headed ogre
 14607 | D:11     | Killed a two-headed ogre
 14954 | D:11     | Found a stormy altar of Qazlal.
 14991 | D:11     | Noticed a cyan ugly thing
 15625 | D:11     | Noticed a cyan ugly thing
 15633 | D:11     | Killed a green ugly thing
 15634 | D:11     | Killed a cyan ugly thing
 15832 | D:11     | Found a stormy altar of Qazlal.
 16136 | D:12     | Reached ** piety under Ashenzari
 16427 | D:12     | Noticed a tengu warrior
 16428 | D:12     | Noticed a tengu warrior
 16432 | D:12     | Killed a tengu warrior
 16432 | D:12     | Reached XP level 12. HP: 86/86 MP: 18/25
 16432 | D:12     | Killed a tengu warrior
 16432 | D:12     | Reached skill level 10 in Spellcasting
 16612 | D:12     | Got the uncursed pair of boots of the Old World {rElec rF+
                  | Slay+2}
 16623 | D:12     | Identified the +0 pair of boots of the Old World {rElec rF+
                  | Slay+2} (You found it on level 12 of the Dungeon)
 16992 | D:12     | Found a staircase to the Orcish Mines.
 17000 | D:12     | Found Lukh's Book Emporium.
 17004 | D:12     | Found Netwoa's Assorted Antiques.
 17004 | D:12     | Found Ciusmapt's Magic Scroll Emporium.
 17005 | D:12     | Found Ciuckot's Jewellery Emporium.
 17140 | D:12     | Bought a scroll of blinking for 97 gold pieces
 17140 | D:12     | Bought a scroll of magic mapping for 45 gold pieces
 17140 | D:12     | Bought a scroll of fear for 45 gold pieces
 17140 | D:12     | Bought a scroll of noise for 13 gold pieces
 17140 | D:12     | Bought a scroll of teleportation for 39 gold pieces
 17140 | D:12     | Bought a scroll of enchant armour for 97 gold pieces
 17140 | D:12     | Bought a scroll of magic mapping for 45 gold pieces
 17148 | D:12     | Bought an iridescent dagger for 224 gold pieces
 17340 | D:12     | Found a large runed translucent door.
 17341 | D:12     | Found a large runed translucent door.
 17541 | Orc:1    | Entered Level 1 of the Orcish Mines
 17792 | Orc:2    | Entered Level 2 of the Orcish Mines
 17792 | Orc:2    | Found a staircase to the Elven Halls.
 18862 | D:12     | Bought the Handbook of Helpful Summoning for 681 gold
                  | pieces
 18867 | D:12     | Learned a level 4 spell: Summon Lightning Spire
 18920 | Orc:1    | Found Ifidab's Assorted Antiques.
 18945 | Orc:1    | Bought a wand of iceblast (12) for 92 gold pieces
 19091 | Orc:1    | Noticed an orc high priest
 19096 | Orc:1    | Killed an orc high priest
 19239 | Orc:1    | Reached skill level 1 in Summonings
 19239 | Orc:1    | Reached skill level 1 in Air Magic
 19467 | Orc:1    | Noticed an orc high priest
 19478 | Orc:1    | Killed an orc high priest
 19735 | Orc:1    | Found a roughly hewn altar of Beogh.
 19832 | Orc:2    | Reached skill level 10 in Fire Magic
 19855 | Orc:2    | Reached skill level 5 in Necromancy
 20302 | Orc:2    | Found Nottestu's General Store.
 20563 | Orc:2    | Found Tefiuny's Magic Scroll Shop.
 20662 | Lair:1   | Entered Level 1 of the Lair of Beasts
 20831 | Lair:1   | Gained mutation: You are in touch with the powers of death.
                  | [Mummy growth]
 20831 | Lair:1   | Reached XP level 13. HP: 91/91 MP: 25/27
 20847 | Lair:1   | Reached skill level 5 in Evocations
 21026 | Lair:1   | Found a snail-covered altar of Cheibriados.
 21491 | D:12     | Bought a book of Conjurations for 420 gold pieces
 21601 | Lair:2   | Found a dark tunnel.
 21617 | Lair:2   | Learned a level 4 spell: Force Lance
 21627 | Lair:2   | Identified the +2 cloak "Zaonon" {rF+ Str+2} (You found it
                  | on level 6 of the Dungeon)
 21628 | Volcano  | Entered a volcano
 21632 | Volcano  | Reached *** piety under Ashenzari
 21656 | Volcano  | Found a burning altar of Makhleb.
 21829 | Volcano  | Slain by a salamander

Levels and vault maps discovered:
D:1:      matt_arrival_spirals, layout_basic, item_on_display_b
D:2:      layout_loops_ring, first_ration, solitary_fountain, nrook_mini_vaults
D:3:      layout_basic, serial_bayou_pond_e, minmay_misc_feat_iff,
          serial_bayou_crossing, uniq_crazy_yiuf_cottage
D:4:      layout_rooms, grunt_temple_overflow_bloody_war,
          lemuel_zombie_altar_kikubaaqudgha, kennysheep_mini_moat,
          nicolae_overflow_crystal_walls, makhleb_altar_promises_db
D:5:      layout_cave_pools, amethyst_overflow_temple_binary, fedhas_altar_4
D:6:      layout_loops_ring, nicolae_tso_swordbearing_angel, temple_hall,
          basic_altar, uniq_eustachio
D:7:      layout_basic, overflow_temple_1_default
D:8:      layout_basic, grunt_ogre_cave, nicolae_water_bricks, uniq_maurice
D:9:      layout_long_grid, lemuel_crystal_altar, chequers_serial_rivers_micro_a
D:10:     layout_stronghold, due_lair_maze_entry_diamond,
          minmay_tree_intersection, minmay_guarded_unrand_variability
D:11:     layout_layer_cave, basic_altar, nicolae_qazlal_eye_of_the_storm
D:12:     layout_gridville, orc_0_dummy, special_room [special_room_bee],
          minmay_shop_grid_forest, lightli_elemental_guards
Lair:1:   layout_regular_city, basic_altar, chequers_serial_rivers_micro_d,
          st_stairs_8, grunt_forest_stairs_basic
Lair:2:   layout_regular_city, swamp_mist_pool, nicolae_volcano_entry_two_sided,
          lemuel_fruit_fields, minmay_lair_oklob_chamber, grunt_megastairs_3
Orc:1:    layout_caves, serial_shops, nicolae_shop_competitors_out_of_business,
          bh_open_orc_temple
Orc:2:    pf_orc_diabolical, layout_caves
Volcano:  kennysheep_volcano_temple

Skill      XL: |  1  2  3  4  5  6  7  8  9 10 11 12 13 |
---------------+----------------------------------------+-----
Conjurations   | 1 2 3 5 6 7 8 9 |  9.0
Spellcasting   | 3 4 5 6 7 8 9 10 | 10.4
Fighting       | 1 2 3 4 5 |  5.0
Dodging        | 2 3 4 5 6 7 |  7.0
Fire Magic     | 3 4 5 6 7 8 10 | 10.0
Hexes          | 1 2 |  2.0
Evocations     | 1 2 3 4 5 |  5.0
Short Blades   | 2 |  2.0
Necromancy     | 2 3 5 |  5.0
Summonings     | 2 3 |  3.5
Air Magic      | 2 3 |  3.5
Stealth        | |  1.5

Action                   |  1- 3 |  4- 6 |  7- 9 | 10-12 | 13-15 || total
-------------------------+-------+-------+-------+-------+-------++-------
Melee: Spear             |    12 |     5 |    28 |    10 |       ||    55
       Falchion          |       |       |     3 |       |       ||     3
       Short sword       |       |       |     1 |     3 |       ||     4
       Rapier            |       |       |       |    18 |     3 ||    21
 Fire: Shortbow          |       |       |    29 |    18 |       ||    47
Throw: Dart              |       |    29 |    25 |     7 |     1 ||    62
       Stone             |       |       |     1 |       |       ||     1
 Cast: Flame Tongue      |    54 |    89 |   236 |   368 |    12 ||   759
       Throw Flame       |     7 |    30 |    55 |   159 |     4 ||   255
       Conjure Flame     |     2 |     7 |    21 |    32 |       ||    62
       Sticky Flame      |       |       |     4 |    26 |     2 ||    32
       Inner Flame       |       |       |       |     8 |       ||     8
       Fireball          |       |       |       |    86 |    12 ||    98
       Animate Skeleton  |       |       |       |     3 |     9 ||    12
       Force Lance       |       |       |       |       |    11 ||    11
       Summon Lightning  |       |       |       |       |     4 ||     4
Evoke: Wand              |       |       |     2 |    16 |     7 ||    25
  Use: Scroll            |       |     3 |     6 |     4 |     1 ||    14
 Stab: Paralysed         |       |       |     1 |       |       ||     1
Armor: Robe              |     8 |     2 |    18 |    29 |     3 ||    60
Dodge: Dodged            |    13 |     9 |    54 |   108 |     6 ||   190
       Rpst.: Falchion   |       |       |     3 |       |       ||     3

Table legend:
 A = Non-vault XP
 B = Vault XP
 C = Vault XP percentage of total XP
 D = Non-vault monster count
 E = Vault monster count
 F = Vault count percentage of total count
                 A         B        C        D         E       F
            +---------+---------+-------+---------+---------+-------
      Total |   32047 |   11365 |  26.2 |     348 |      72 |  17.1
            +---------+---------+-------+---------+---------+-------
        D:1 |      34 |       0 |   0.0 |      15 |       0 |   0.0
        D:2 |     100 |       0 |   0.0 |      25 |       0 |   0.0
        D:3 |      76 |      37 |  32.7 |      29 |       1 |   3.3
        D:4 |     644 |      19 |   2.9 |      24 |       3 |  11.1
        D:5 |     265 |       0 |   0.0 |      22 |       0 |   0.0
        D:6 |    1530 |     211 |  12.1 |      27 |       1 |   3.6
        D:7 |    1758 |       0 |   0.0 |      20 |       0 |   0.0
        D:8 |    1927 |     593 |  23.5 |      23 |       2 |   8.0
        D:9 |    3084 |       0 |   0.0 |      20 |       0 |   0.0
       D:10 |    3358 |    1502 |  30.9 |      32 |      12 |  27.3
       D:11 |    3276 |       0 |   0.0 |      18 |       0 |   0.0
       D:12 |    5436 |    2445 |  31.0 |      29 |      17 |  37.0
     Lair:1 |    3801 |       0 |   0.0 |      20 |       0 |   0.0
     Lair:2 |     202 |       0 |   0.0 |       1 |       0 |   0.0
      Orc:1 |    4229 |    1012 |  19.3 |      27 |       3 |  10.0
      Orc:2 |    2327 |    3063 |  56.8 |      16 |      28 |  63.6
    Volcano |       0 |    2483 | 100.0 |       0 |       5 | 100.0
            +---------+---------+-------+---------+---------+-------
